%YAML 1.1
%TAG !u! tag:unity3d.com,2011:
--- !u!1001 &4251636149445194264
PrefabInstance:
  m_ObjectHideFlags: 0
  serializedVersion: 2
  m_Modification:
    m_TransformParent: {fileID: 0}
    m_Modifications:
    - target: {fileID: -9136418272992050547, guid: d17d516358c08a64e9ac2d6cfd5d8e1b, type: 3}
      propertyPath: m_Layer
      value: 6
      objectReference: {fileID: 0}
    - target: {fileID: -8893078617153529600, guid: d17d516358c08a64e9ac2d6cfd5d8e1b, type: 3}
      propertyPath: m_Layer
      value: 6
      objectReference: {fileID: 0}
    - target: {fileID: -8679921383154817045, guid: d17d516358c08a64e9ac2d6cfd5d8e1b, type: 3}
      propertyPath: m_RootOrder
      value: 0
      objectReference: {fileID: 0}
    - target: {fileID: -8679921383154817045, guid: d17d516358c08a64e9ac2d6cfd5d8e1b, type: 3}
      propertyPath: m_LocalPosition.x
      value: 32.074932
      objectReference: {fileID: 0}
    - target: {fileID: -8679921383154817045, guid: d17d516358c08a64e9ac2d6cfd5d8e1b, type: 3}
      propertyPath: m_LocalPosition.y
      value: 0
      objectReference: {fileID: 0}
    - target: {fileID: -8679921383154817045, guid: d17d516358c08a64e9ac2d6cfd5d8e1b, type: 3}
      propertyPath: m_LocalPosition.z
      value: -1.2849121
      objectReference: {fileID: 0}
    - target: {fileID: -8679921383154817045, guid: d17d516358c08a64e9ac2d6cfd5d8e1b, type: 3}
      propertyPath: m_LocalRotation.w
      value: 1
      objectReference: {fileID: 0}
    - target: {fileID: -8679921383154817045, guid: d17d516358c08a64e9ac2d6cfd5d8e1b, type: 3}
      propertyPath: m_LocalRotation.x
      value: 0
      objectReference: {fileID: 0}
    - target: {fileID: -8679921383154817045, guid: d17d516358c08a64e9ac2d6cfd5d8e1b, type: 3}
      propertyPath: m_LocalRotation.y
      value: 0
      objectReference: {fileID: 0}
    - target: {fileID: -8679921383154817045, guid: d17d516358c08a64e9ac2d6cfd5d8e1b, type: 3}
      propertyPath: m_LocalRotation.z
      value: 0
      objectReference: {fileID: 0}
    - target: {fileID: -8679921383154817045, guid: d17d516358c08a64e9ac2d6cfd5d8e1b, type: 3}
      propertyPath: m_LocalEulerAnglesHint.x
      value: 0
      objectReference: {fileID: 0}
    - target: {fileID: -8679921383154817045, guid: d17d516358c08a64e9ac2d6cfd5d8e1b, type: 3}
      propertyPath: m_LocalEulerAnglesHint.y
      value: 0
      objectReference: {fileID: 0}
    - target: {fileID: -8679921383154817045, guid: d17d516358c08a64e9ac2d6cfd5d8e1b, type: 3}
      propertyPath: m_LocalEulerAnglesHint.z
      value: 0
      objectReference: {fileID: 0}
    - target: {fileID: -8231985748732325105, guid: d17d516358c08a64e9ac2d6cfd5d8e1b, type: 3}
      propertyPath: m_Layer
      value: 6
      objectReference: {fileID: 0}
    - target: {fileID: -7848369159158506728, guid: d17d516358c08a64e9ac2d6cfd5d8e1b, type: 3}
      propertyPath: m_Layer
      value: 6
      objectReference: {fileID: 0}
    - target: {fileID: -7749954531557587584, guid: d17d516358c08a64e9ac2d6cfd5d8e1b, type: 3}
      propertyPath: m_Layer
      value: 6
      objectReference: {fileID: 0}
    - target: {fileID: -7665695681066324938, guid: d17d516358c08a64e9ac2d6cfd5d8e1b, type: 3}
      propertyPath: m_Layer
      value: 6
      objectReference: {fileID: 0}
    - target: {fileID: -7580674726233461017, guid: d17d516358c08a64e9ac2d6cfd5d8e1b, type: 3}
      propertyPath: m_Layer
      value: 6
      objectReference: {fileID: 0}
    - target: {fileID: -7480308591867911057, guid: d17d516358c08a64e9ac2d6cfd5d8e1b, type: 3}
      propertyPath: m_Layer
      value: 6
      objectReference: {fileID: 0}
    - target: {fileID: -7379991069318578728, guid: d17d516358c08a64e9ac2d6cfd5d8e1b, type: 3}
      propertyPath: m_Layer
      value: 6
      objectReference: {fileID: 0}
    - target: {fileID: -7269728169905626603, guid: d17d516358c08a64e9ac2d6cfd5d8e1b, type: 3}
      propertyPath: m_Layer
      value: 6
      objectReference: {fileID: 0}
    - target: {fileID: -6641415448970445652, guid: d17d516358c08a64e9ac2d6cfd5d8e1b, type: 3}
      propertyPath: m_Layer
      value: 6
      objectReference: {fileID: 0}
    - target: {fileID: -6464442196715338680, guid: d17d516358c08a64e9ac2d6cfd5d8e1b, type: 3}
      propertyPath: m_Layer
      value: 6
      objectReference: {fileID: 0}
    - target: {fileID: -6174616617585957727, guid: d17d516358c08a64e9ac2d6cfd5d8e1b, type: 3}
      propertyPath: m_Layer
      value: 6
      objectReference: {fileID: 0}
    - target: {fileID: -5807882937595556629, guid: d17d516358c08a64e9ac2d6cfd5d8e1b, type: 3}
      propertyPath: m_Layer
      value: 6
      objectReference: {fileID: 0}
    - target: {fileID: -5414624395751510879, guid: d17d516358c08a64e9ac2d6cfd5d8e1b, type: 3}
      propertyPath: m_Layer
      value: 6
      objectReference: {fileID: 0}
    - target: {fileID: -5371340195093405708, guid: d17d516358c08a64e9ac2d6cfd5d8e1b, type: 3}
      propertyPath: m_Layer
      value: 6
      objectReference: {fileID: 0}
    - target: {fileID: -4828883697708649473, guid: d17d516358c08a64e9ac2d6cfd5d8e1b, type: 3}
      propertyPath: m_Layer
      value: 6
      objectReference: {fileID: 0}
    - target: {fileID: -4041843679934593160, guid: d17d516358c08a64e9ac2d6cfd5d8e1b, type: 3}
      propertyPath: m_Layer
      value: 6
      objectReference: {fileID: 0}
    - target: {fileID: -3962647829050528788, guid: d17d516358c08a64e9ac2d6cfd5d8e1b, type: 3}
      propertyPath: m_Layer
      value: 6
      objectReference: {fileID: 0}
    - target: {fileID: -3739190549483330935, guid: d17d516358c08a64e9ac2d6cfd5d8e1b, type: 3}
      propertyPath: m_Layer
      value: 6
      objectReference: {fileID: 0}
    - target: {fileID: -3291235408406092113, guid: d17d516358c08a64e9ac2d6cfd5d8e1b, type: 3}
      propertyPath: m_Layer
      value: 6
      objectReference: {fileID: 0}
    - target: {fileID: -3135291856957443891, guid: d17d516358c08a64e9ac2d6cfd5d8e1b, type: 3}
      propertyPath: m_Layer
      value: 6
      objectReference: {fileID: 0}
    - target: {fileID: -3122781417413711294, guid: d17d516358c08a64e9ac2d6cfd5d8e1b, type: 3}
      propertyPath: m_Layer
      value: 6
      objectReference: {fileID: 0}
    - target: {fileID: -2928631036446536291, guid: d17d516358c08a64e9ac2d6cfd5d8e1b, type: 3}
      propertyPath: m_Layer
      value: 6
      objectReference: {fileID: 0}
    - target: {fileID: -2877383546989289611, guid: d17d516358c08a64e9ac2d6cfd5d8e1b, type: 3}
      propertyPath: m_Layer
      value: 6
      objectReference: {fileID: 0}
    - target: {fileID: -2761226029462635039, guid: d17d516358c08a64e9ac2d6cfd5d8e1b, type: 3}
      propertyPath: m_Layer
      value: 6
      objectReference: {fileID: 0}
    - target: {fileID: -2674198313801352495, guid: d17d516358c08a64e9ac2d6cfd5d8e1b, type: 3}
      propertyPath: m_Layer
      value: 6
      objectReference: {fileID: 0}
    - target: {fileID: -2443496126575484628, guid: d17d516358c08a64e9ac2d6cfd5d8e1b, type: 3}
      propertyPath: m_Layer
      value: 6
      objectReference: {fileID: 0}
    - target: {fileID: -1881965479880549823, guid: d17d516358c08a64e9ac2d6cfd5d8e1b, type: 3}
      propertyPath: m_Layer
      value: 6
      objectReference: {fileID: 0}
    - target: {fileID: -1725203512906818228, guid: d17d516358c08a64e9ac2d6cfd5d8e1b, type: 3}
      propertyPath: m_Layer
      value: 6
      objectReference: {fileID: 0}
    - target: {fileID: -1271887500338679504, guid: d17d516358c08a64e9ac2d6cfd5d8e1b, type: 3}
      propertyPath: m_Layer
      value: 6
      objectReference: {fileID: 0}
    - target: {fileID: -985985529979333096, guid: d17d516358c08a64e9ac2d6cfd5d8e1b, type: 3}
      propertyPath: m_Layer
      value: 6
      objectReference: {fileID: 0}
    - target: {fileID: -932324769010898406, guid: d17d516358c08a64e9ac2d6cfd5d8e1b, type: 3}
      propertyPath: m_Layer
      value: 6
      objectReference: {fileID: 0}
    - target: {fileID: -706658983441424561, guid: d17d516358c08a64e9ac2d6cfd5d8e1b, type: 3}
      propertyPath: m_Layer
      value: 6
      objectReference: {fileID: 0}
    - target: {fileID: -386015588449943590, guid: d17d516358c08a64e9ac2d6cfd5d8e1b, type: 3}
      propertyPath: m_Layer
      value: 6
      objectReference: {fileID: 0}
    - target: {fileID: 39393839640448542, guid: d17d516358c08a64e9ac2d6cfd5d8e1b, type: 3}
      propertyPath: m_Layer
      value: 6
      objectReference: {fileID: 0}
    - target: {fileID: 283039404166705607, guid: d17d516358c08a64e9ac2d6cfd5d8e1b, type: 3}
      propertyPath: m_Layer
      value: 6
      objectReference: {fileID: 0}
    - target: {fileID: 353511925560422564, guid: d17d516358c08a64e9ac2d6cfd5d8e1b, type: 3}
      propertyPath: m_Layer
      value: 6
      objectReference: {fileID: 0}
    - target: {fileID: 919132149155446097, guid: d17d516358c08a64e9ac2d6cfd5d8e1b, type: 3}
      propertyPath: m_Name
      value: Enemy
      objectReference: {fileID: 0}
    - target: {fileID: 919132149155446097, guid: d17d516358c08a64e9ac2d6cfd5d8e1b, type: 3}
      propertyPath: m_Layer
      value: 6
      objectReference: {fileID: 0}
    - target: {fileID: 919132149155446097, guid: d17d516358c08a64e9ac2d6cfd5d8e1b, type: 3}
      propertyPath: m_TagString
      value: Enemy
      objectReference: {fileID: 0}
    - target: {fileID: 976506834366898501, guid: d17d516358c08a64e9ac2d6cfd5d8e1b, type: 3}
      propertyPath: m_Layer
      value: 6
      objectReference: {fileID: 0}
    - target: {fileID: 1020948974440007045, guid: d17d516358c08a64e9ac2d6cfd5d8e1b, type: 3}
      propertyPath: m_Layer
      value: 6
      objectReference: {fileID: 0}
    - target: {fileID: 1136803088928199088, guid: d17d516358c08a64e9ac2d6cfd5d8e1b, type: 3}
      propertyPath: m_Layer
      value: 6
      objectReference: {fileID: 0}
    - target: {fileID: 1276668221320053691, guid: d17d516358c08a64e9ac2d6cfd5d8e1b, type: 3}
      propertyPath: m_Layer
      value: 6
      objectReference: {fileID: 0}
    - target: {fileID: 1770222384848715757, guid: d17d516358c08a64e9ac2d6cfd5d8e1b, type: 3}
      propertyPath: m_Layer
      value: 6
      objectReference: {fileID: 0}
    - target: {fileID: 1945040816612613005, guid: d17d516358c08a64e9ac2d6cfd5d8e1b, type: 3}
      propertyPath: m_Layer
      value: 6
      objectReference: {fileID: 0}
    - target: {fileID: 2750158988369709503, guid: d17d516358c08a64e9ac2d6cfd5d8e1b, type: 3}
      propertyPath: m_Layer
      value: 6
      objectReference: {fileID: 0}
    - target: {fileID: 3187348372319397752, guid: d17d516358c08a64e9ac2d6cfd5d8e1b, type: 3}
      propertyPath: m_Layer
      value: 6
      objectReference: {fileID: 0}
    - target: {fileID: 3242671571992157913, guid: d17d516358c08a64e9ac2d6cfd5d8e1b, type: 3}
      propertyPath: m_Layer
      value: 6
      objectReference: {fileID: 0}
    - target: {fileID: 3524756410954936840, guid: d17d516358c08a64e9ac2d6cfd5d8e1b, type: 3}
      propertyPath: m_Layer
      value: 6
      objectReference: {fileID: 0}
    - target: {fileID: 3942624108592472809, guid: d17d516358c08a64e9ac2d6cfd5d8e1b, type: 3}
      propertyPath: m_Layer
      value: 6
      objectReference: {fileID: 0}
    - target: {fileID: 4041770083595180687, guid: d17d516358c08a64e9ac2d6cfd5d8e1b, type: 3}
      propertyPath: m_Layer
      value: 6
      objectReference: {fileID: 0}
    - target: {fileID: 5061499379818021415, guid: d17d516358c08a64e9ac2d6cfd5d8e1b, type: 3}
      propertyPath: m_Layer
      value: 6
      objectReference: {fileID: 0}
    - target: {fileID: 5447311324554542751, guid: d17d516358c08a64e9ac2d6cfd5d8e1b, type: 3}
      propertyPath: m_Layer
      value: 6
      objectReference: {fileID: 0}
    - target: {fileID: 5866666021909216657, guid: d17d516358c08a64e9ac2d6cfd5d8e1b, type: 3}
      propertyPath: m_Controller
      value: 
      objectReference: {fileID: 9100000, guid: c88ebad164459d440ba25a029a792042, type: 2}
    - target: {fileID: 5866666021909216657, guid: d17d516358c08a64e9ac2d6cfd5d8e1b, type: 3}
      propertyPath: m_WarningMessage
      value: 
      objectReference: {fileID: 0}
    - target: {fileID: 5901213795655131968, guid: d17d516358c08a64e9ac2d6cfd5d8e1b, type: 3}
      propertyPath: m_Layer
      value: 6
      objectReference: {fileID: 0}
    - target: {fileID: 5923066636456171116, guid: d17d516358c08a64e9ac2d6cfd5d8e1b, type: 3}
      propertyPath: m_Layer
      value: 6
      objectReference: {fileID: 0}
    - target: {fileID: 7311561063055367063, guid: d17d516358c08a64e9ac2d6cfd5d8e1b, type: 3}
      propertyPath: m_Layer
      value: 6
      objectReference: {fileID: 0}
    - target: {fileID: 7547691395978512338, guid: d17d516358c08a64e9ac2d6cfd5d8e1b, type: 3}
      propertyPath: m_Layer
      value: 6
      objectReference: {fileID: 0}
    - target: {fileID: 7575159684894143055, guid: d17d516358c08a64e9ac2d6cfd5d8e1b, type: 3}
      propertyPath: m_Layer
      value: 6
      objectReference: {fileID: 0}
    - target: {fileID: 7763364265815274417, guid: d17d516358c08a64e9ac2d6cfd5d8e1b, type: 3}
      propertyPath: m_Layer
      value: 6
      objectReference: {fileID: 0}
    - target: {fileID: 7911950043651772996, guid: d17d516358c08a64e9ac2d6cfd5d8e1b, type: 3}
      propertyPath: m_Layer
      value: 6
      objectReference: {fileID: 0}
    - target: {fileID: 7942950104825480166, guid: d17d516358c08a64e9ac2d6cfd5d8e1b, type: 3}
      propertyPath: m_Layer
      value: 6
      objectReference: {fileID: 0}
    - target: {fileID: 7965746210909779490, guid: d17d516358c08a64e9ac2d6cfd5d8e1b, type: 3}
      propertyPath: m_Layer
      value: 6
      objectReference: {fileID: 0}
    - target: {fileID: 8515130166721925627, guid: d17d516358c08a64e9ac2d6cfd5d8e1b, type: 3}
      propertyPath: m_Layer
      value: 6
      objectReference: {fileID: 0}
    - target: {fileID: 8587201446677717949, guid: d17d516358c08a64e9ac2d6cfd5d8e1b, type: 3}
      propertyPath: m_Layer
      value: 6
      objectReference: {fileID: 0}
    - target: {fileID: 8821932391240933978, guid: d17d516358c08a64e9ac2d6cfd5d8e1b, type: 3}
      propertyPath: m_Layer
      value: 6
      objectReference: {fileID: 0}
    - target: {fileID: 8912401658242538923, guid: d17d516358c08a64e9ac2d6cfd5d8e1b, type: 3}
      propertyPath: m_Layer
      value: 6
      objectReference: {fileID: 0}
    - target: {fileID: 9107990444132268871, guid: d17d516358c08a64e9ac2d6cfd5d8e1b, type: 3}
      propertyPath: m_Layer
      value: 6
      objectReference: {fileID: 0}
    m_RemovedComponents: []
  m_SourcePrefab: {fileID: 100100000, guid: d17d516358c08a64e9ac2d6cfd5d8e1b, type: 3}
--- !u!1 &4017687354070191945 stripped
GameObject:
  m_CorrespondingSourceObject: {fileID: 919132149155446097, guid: d17d516358c08a64e9ac2d6cfd5d8e1b, type: 3}
  m_PrefabInstance: {fileID: 4251636149445194264}
  m_PrefabAsset: {fileID: 0}
--- !u!143 &534255714
CharacterController:
  m_ObjectHideFlags: 0
  m_CorrespondingSourceObject: {fileID: 0}
  m_PrefabInstance: {fileID: 0}
  m_PrefabAsset: {fileID: 0}
  m_GameObject: {fileID: 4017687354070191945}
  m_Material: {fileID: 0}
  m_IsTrigger: 0
  m_Enabled: 1
  serializedVersion: 2
  m_Height: 1.55
  m_Radius: 0.5
  m_SlopeLimit: 45
  m_StepOffset: 0.3
  m_SkinWidth: 0.08
  m_MinMoveDistance: 0.001
  m_Center: {x: 0, y: 0.85, z: 0}
--- !u!114 &534255715
MonoBehaviour:
  m_ObjectHideFlags: 0
  m_CorrespondingSourceObject: {fileID: 0}
  m_PrefabInstance: {fileID: 0}
  m_PrefabAsset: {fileID: 0}
  m_GameObject: {fileID: 4017687354070191945}
  m_Enabled: 1
  m_EditorHideFlags: 0
  m_Script: {fileID: 11500000, guid: 42d62c2c80906124b80c1a6d0da20871, type: 3}
  m_Name: 
  m_EditorClassIdentifier: 
  speedMovement: 6
  controller: {fileID: 534255714}
  speedRun: 0
  playerView: {fileID: 0}
  rotationSpeed: 2
  gravity: {x: 0, y: 0, z: 0}
  jumpHeight: 0
  contador: 0
--- !u!114 &534255716
MonoBehaviour:
  m_ObjectHideFlags: 0
  m_CorrespondingSourceObject: {fileID: 0}
  m_PrefabInstance: {fileID: 0}
  m_PrefabAsset: {fileID: 0}
  m_GameObject: {fileID: 4017687354070191945}
  m_Enabled: 1
  m_EditorHideFlags: 0
  m_Script: {fileID: 11500000, guid: 3c1bff500d1b8f546bf2f0ee354661d1, type: 3}
  m_Name: 
  m_EditorClassIdentifier: 
  movement: {fileID: 534255715}
  ui: {fileID: 0}
  jugador: {fileID: 0}
  animacion: {fileID: 534255717}
  rangeOfPursit: 10
  rangeOfAtack: 2
  capa1:
    serializedVersion: 2
    m_Bits: 64
  statistics: {fileID: 0}
--- !u!114 &534255717
MonoBehaviour:
  m_ObjectHideFlags: 0
  m_CorrespondingSourceObject: {fileID: 0}
  m_PrefabInstance: {fileID: 0}
  m_PrefabAsset: {fileID: 0}
  m_GameObject: {fileID: 4017687354070191945}
  m_Enabled: 1
  m_EditorHideFlags: 0
  m_Script: {fileID: 11500000, guid: 479a2f10ded45f54ab4dacbecf1789ed, type: 3}
  m_Name: 
  m_EditorClassIdentifier: 
  animationDoor: {fileID: 0}
  animationEnemy: {fileID: 7668026135688728457}
  doorState: 0
--- !u!82 &2207703180799806890
AudioSource:
  m_ObjectHideFlags: 0
  m_CorrespondingSourceObject: {fileID: 0}
  m_PrefabInstance: {fileID: 0}
  m_PrefabAsset: {fileID: 0}
  m_GameObject: {fileID: 4017687354070191945}
  m_Enabled: 1
  serializedVersion: 4
  OutputAudioMixerGroup: {fileID: 0}
  m_audioClip: {fileID: 8300000, guid: 5fe4232caa0335f4dbc8b8477e273734, type: 3}
  m_PlayOnAwake: 0
  m_Volume: 1
  m_Pitch: 1
  Loop: 0
  Mute: 0
  Spatialize: 0
  SpatializePostEffects: 0
  Priority: 128
  DopplerLevel: 1
  MinDistance: 1
  MaxDistance: 500
  Pan2D: 0
  rolloffMode: 0
  BypassEffects: 0
  BypassListenerEffects: 0
  BypassReverbZones: 0
  rolloffCustomCurve:
    serializedVersion: 2
    m_Curve:
    - serializedVersion: 3
      time: 0
      value: 1
      inSlope: 0
      outSlope: 0
      tangentMode: 0
      weightedMode: 0
      inWeight: 0.33333334
      outWeight: 0.33333334
    - serializedVersion: 3
      time: 1
      value: 0
      inSlope: 0
      outSlope: 0
      tangentMode: 0
      weightedMode: 0
      inWeight: 0.33333334
      outWeight: 0.33333334
    m_PreInfinity: 2
    m_PostInfinity: 2
    m_RotationOrder: 4
  panLevelCustomCurve:
    serializedVersion: 2
    m_Curve:
    - serializedVersion: 3
      time: 0
      value: 0
      inSlope: 0
      outSlope: 0
      tangentMode: 0
      weightedMode: 0
      inWeight: 0.33333334
      outWeight: 0.33333334
    m_PreInfinity: 2
    m_PostInfinity: 2
    m_RotationOrder: 4
  spreadCustomCurve:
    serializedVersion: 2
    m_Curve:
    - serializedVersion: 3
      time: 0
      value: 0
      inSlope: 0
      outSlope: 0
      tangentMode: 0
      weightedMode: 0
      inWeight: 0.33333334
      outWeight: 0.33333334
    m_PreInfinity: 2
    m_PostInfinity: 2
    m_RotationOrder: 4
  reverbZoneMixCustomCurve:
    serializedVersion: 2
    m_Curve:
    - serializedVersion: 3
      time: 0
      value: 1
      inSlope: 0
      outSlope: 0
      tangentMode: 0
      weightedMode: 0
      inWeight: 0.33333334
      outWeight: 0.33333334
    m_PreInfinity: 2
    m_PostInfinity: 2
    m_RotationOrder: 4
--- !u!95 &7668026135688728457 stripped
Animator:
  m_CorrespondingSourceObject: {fileID: 5866666021909216657, guid: d17d516358c08a64e9ac2d6cfd5d8e1b, type: 3}
  m_PrefabInstance: {fileID: 4251636149445194264}
  m_PrefabAsset: {fileID: 0}
